 Dungeon Crawl Stone Soup version 0.20-a0-3-g334f831 (webtiles) character file.

841 mrath the Cudgeler (level 7, 0/60 HPs)
             Began as a Minotaur Fighter on Oct 30, 2016.
             Slain by an orc priest
             ... wielding a +0 flail
              (6 damage)
             ... on level 5 of the Dungeon.
             The game lasted 00:18:39 (4780 turns).

mrath the Cudgeler (Minotaur Fighter)               Turns: 4780, Time: 00:18:40

Health: 0/60       AC: 15    Str: 23    XL:     7   Next: 67%
Magic:  7/7        EV:  5    Int:  5    God:
Gold:   202        SH: 10    Dex: 12    Spells: 0 memorised, 6 levels left

rFire  . . .     SeeInvis .     a - +0 flail
rCold  . . .     Gourm    .     h - +0 plate armour
rNeg   . . .     Faith    .     c - +0 shield
rPois  .         Spirit   .     G - +1 hat
rElec  .         Reflect  .     u - +0 cloak
rCorr  .         Harm     .     p - +0 pair of gloves
MR     .....                    (no boots)
Stlth  ..........               (no amulet)
                                (no ring)
                                J - +3 ring of dexterity

@: no status effects
A: retaliatory headbutt, horns 2
a: no special abilities


You were on level 5 of the Dungeon.
You were not hungry.

You visited 1 branch of the dungeon, and saw 5 of its levels.

You collected 202 gold pieces.

Inventory:

Hand Weapons
 a - a +0 flail (weapon)
Missiles
 e - 155 stones (quivered)
 t - 27 poisoned needles
Armour
 c - a +0 shield (worn)
 h - a +0 plate armour (worn)
 p - a +0 pair of gloves (worn)
 u - a +0 cloak (worn)
 G - a +1 hat (worn)
Jewellery
 J - a +3 ring of dexterity (left hand)
Wands
 r - a wand of hasting (4/9)
 s - a wand of random effects (29/48)
 x - a wand of flame (13/48)
Scrolls
 b - a scroll of recharging {unknown}
 i - 4 scrolls of identify
 k - 2 scrolls of teleportation
 l - 2 scrolls of remove curse {unknown}
 m - a scroll of magic mapping {unknown}
 n - 3 scrolls of amnesia {unknown}
 q - a scroll of immolation {unknown}
 y - 2 scrolls of noise {unknown}
 H - a scroll of enchant weapon {unknown}
 I - a scroll of fear {unknown}
Potions
 d - a potion of might
 g - a potion of flight
 w - a potion of curing
 z - a potion of mutation {unknown}
 A - a potion of cure mutation {unknown}
 B - a potion of haste
 C - a potion of invisibility {unknown}
 D - a potion of berserk rage {unknown}
 F - a potion of heal wounds
Comestibles
 f - 2 bread rations
 j - 2 meat rations
 o - 2 slices of pizza
 v - 6 chunks of flesh
 E - a royal jelly


   Skills:
 + Level 4.8 Fighting
 + Level 7.8 Maces & Flails
 + Level 2.0 Throwing
 + Level 4.6 Armour
 + Level 2.5 Dodging
 + Level 4.2 Shields
 + Level 2.1 Evocations


You had 6 spell levels left.
You didn't know any spells.

Dungeon Overview and Level Annotations

Branches:
Dungeon (5/15)
 Temple: D:4-7

Altars:
Kikubaaqudgha
Nemelex Xobeh
Trog
Xom
Yredelemnul


Innate Abilities, Weirdness & Mutations

You reflexively headbutt those who attack you in melee.
You have a pair of horns on your head.


Message History

You block the orc wizard's attack. The orc priest barely misses you.
Your plate armour prevents you from hitting the orc priest.
The orc priest is heavily wounded.
You block the orc wizard's attack. The orc priest hits you with a club.
* * * LOW HITPOINT WARNING * * *
You hit the orc priest but do no damage.
The orc priest is heavily wounded.
You block the orc wizard's attack.
The orc priest miscasts a cantrip.
The orc wizard hits you but does no damage.
Your shield and plate armour prevent you from hitting the orc priest.
The orc priest is heavily wounded.
The orc wizard hits you but does no damage.
The orc priest hits you but does no damage.
The orc priest calls upon Beogh to heal the orc wizard.
The orc wizard's wounds heal themselves!
The orc wizard casts a spell at you. The puff of flame hits you!
The orc priest hits you with a flail.
You die...

####.###......###....
#.........###.....###
#..##.####.# #.##### ##..
#.##...# #.# #..## #.#..###
#.# ## #....##.#.#### #.#
## #...
#..#......###.##.... ....
#.##..##.#......# .....
#lo@o###.)..#####
......##.##o......#########
........oo.................
.......#####.####....######
......# #.# ####....#
[..... #.# ####(### .....
#.# #...# ..... #.#
########.. #...
#######.#####.........


You could see 2 orc priests, an orc wizard and a frilled lizard.

Vanquished Creatures
  The ghost of mrath the Cudgeler, an amateur MiFi (D:4)
  3 scorpions
  A howler monkey (D:4)
  A crimson imp (D:5)
  A hound (D:4)
  A jelly (D:5)
  2 iguanas (D:5)
  Jessica (D:3)
  Ijyb (D:2)
  Terence (D:2)
  2 worker ants (D:4)
  4 adders
  6 gnolls
  A shadow imp (D:5)
  4 oozes
  An adder skeleton (D:4)
  2 worms (D:4)
  2 dart slugs
  3 leopard geckos
  3 orcs (D:3)
  3 ball pythons
  3 giant cockroaches (D:2)
  14 goblins
  11 hobgoblins
  7 jackals (D:2)
  12 kobolds
  8 quokkas
  9 bats
  6 frilled lizards
  A jackal skeleton (D:4)
  12 rats
  A spectral orc (D:4)
  A butterfly (D:4)
129 creatures vanquished.

Vanquished Creatures (others)
  A human (D:2)
1 creature vanquished.

Grand Total: 130 creatures vanquished

Notes
Turn   | Place    | Note
-------+----------+-------------------------------------------
     0 | D:1      | mrath the Minotaur Fighter began the quest for the Orb.
     0 | D:1      | Reached XP level 1. HP: 19/19 MP: 0/0
   150 | D:1      | Reached skill level 3 in Maces & Flails
   174 | D:1      | Reached XP level 2. HP: 26/26 MP: 1/1
   561 | D:1      | Reached skill level 4 in Maces & Flails
   805 | D:1      | Reached XP level 3. HP: 31/31 MP: 2/2
  1057 | D:2      | Found an ancient bone altar of Kikubaaqudgha.
  1057 | D:2      | Noticed a human
  1061 | D:2      | Killed a human
  1126 | D:2      | Reached skill level 5 in Maces & Flails
  1449 | D:2      | Noticed Terence
  1457 | D:2      | Killed Terence
  1457 | D:2      | Reached XP level 4. HP: 36/39 MP: 3/3
  2089 | D:2      | Reached skill level 6 in Maces & Flails
  2353 | D:2      | Noticed Ijyb
  2362 | D:2      | Killed Ijyb
  2362 | D:2      | Reached XP level 5. HP: 40/45 MP: 4/4
  2710 | D:3      | Found a bloodstained altar of Trog.
  2961 | D:3      | Found a sparkling altar of Nemelex Xobeh.
  2979 | D:3      | Noticed Jessica
  2980 | D:3      | Killed Jessica
  2980 | D:3      | Reached skill level 7 in Maces & Flails
  3782 | D:4      | Reached skill level 1 in Dodging
  3818 | D:4      | Found a basalt altar of Yredelemnul.
  3873 | D:4      | Reached XP level 6. HP: 52/52 MP: 5/5
  3965 | D:4      | Reached skill level 1 in Throwing
  4127 | D:4      | Noticed mrath's ghost (amateur MiFi)
  4160 | D:4      | Killed mrath's ghost
  4160 | D:4      | Reached skill level 1 in Evocations
  4160 | D:4      | Reached XP level 7. HP: 54/59 MP: 6/6
  4204 | D:4      | Found a shimmering altar of Xom.
  4518 | D:5      | Entered Level 5 of the Dungeon
  4780 | D:5      | Slain by an orc priest

Vault maps used:
D:1:      dpeg_arrival_pits
D:2:      kennysheep_goblin_castle, tgw_kikubaaqudgha, uniq_terence
D:3:      marbit_many_paths, trog_butcher_becter, uniq_jessica
D:4:      yredelemnul_forgotten_temple_becter, xom_butterflies
D:5:      kennysheep_mini, gup_sewer_entry_bowl, first_bread

Skill      XL: |  1  2  3  4  5  6  7 |
---------------+----------------------+-----
Maces & Flails | 3 4 5 6 7 |  7.8
Dodging        | 1 2 |  2.5
Throwing       | 1 2 |  2.0
Fighting       | 4 |  4.8
Armour         | 4 |  4.6
Shields        | 4 |  4.2
Evocations     | 1 2 |  2.1

Action                   |  1- 3 |  4- 6 |  7- 9 || total
-------------------------+-------+-------+-------++-------
Melee: Flail             |   115 |   175 |    61 ||   351
       Headbutt          |    11 |    28 |    14 ||    53
Throw: Stone             |       |     3 |       ||     3
  Use: Scroll            |       |       |     2 ||     2
  Eat: Chunk             |     2 |     8 |     3 ||    13
Armor: Scale mail        |    35 |    22 |       ||    57
       Chain mail        |       |    53 |       ||    53
       Plate armour      |       |     7 |    37 ||    44
Dodge: Dodged            |    34 |    35 |     9 ||    78
Block: Shield            |    59 |    89 |    26 ||   174
